Workbook
Name BASE1: #REF!
Name BASE2: #REF!
Name CLASIFICACIÓN_DE_LAS_PERSONAS_NATURALES: #REF!
Name números: [1]Números!$A$2:$B$1001
Name P.N.: #REF!

Sheet DATOS DE ENTRADA.
A1: DATOS DE INGRESO A PLANILLA DE CONTRATISTAS POR CONCEPTO DE HONORARIOS Y/O SERVICIOS PERSONALES - FORMATO
A2: SENA- 2020
A4: DATOS DEL CONTRATISTA
A5: CÓDIGO DE REGIONAL | B5: 50
A6: CÓDIGO DE CENTRO | B6: 911710
A7: FECHA DE DILIGENCIAMIENTO PLANILLA | B7: 20 de marzo de 2020
A8: NOMBRES Y APELLIDOS | B8: RUBEN DARIO CELY VELASQUEZ
A9: Nº IDENTIFICACIÓN | B9: 1122649400
A10: IP o NÚMERO TELEFÓNICO DE CONTACTO | B10: 3134123924
A11: DIRECCIÓN ELECTRÓNICA | B11: rdcely0@misena.edu.co
A12: REGIONAL | B12: META
A13: GRUPO/DEPENDENCIA | B13: COORDINACIÓN ACADÉMICA PROGRAMAS ESPECIALES
A14: NOMBRE DEL BANCO AL CUAL CONSIGNAR | B14: BANCO DE BOGOTA
A15: TIPO DE CUENTA | B15: AHORROS
A16: NÚMERO DE CUENTA | B16: 361-054-810
A17: HA CONTRATADO O VINCULADO DOS O MAS TRABAJADORES ASOCIADOS A SU ACTIVIDAD PARA CUMPLIR CON EL OBJETO DE SU CONTRATO? | B17: NO
A18: SUS INGRESOS FUERON IGUALES O SUPERIORES EN EL 2019 A $ 47´978.000 | B18: NO
A19: SUS INGRESOS DEL CONTRATO SUSCRITO CON LA ENTIDAD EN EL 2020 SUPERA LOS $ 117´503.000 | B19: NO
A20: REALIZÓ LA INDUCCIÓN SST | B20: SI
A21: REGIMEN IVA | B21: NO RESPONSABLE
... A26: ES OBJETO ACTUAL DE EMBARGO? | B26: NO
A27: VALOR DEL EMBARGO (SI ES OBJETO A ELLO) | B27: 0
A28: TIENE DESCUENTOS POR LIBRANZA? | B28: NO
A29: VALOR DEL DESCUENTO POR LIBRANZA | B29: 0
A30: MES OBJETO DE COBRO EN ESTA PLANILLA | B30: marzo
A31: MES AL CUAL CORRESPONDE LA COTIZACIÓN DE APORTES A SEGURIDAD SOCIAL | B31: febrero
A32: OBJETO CONTRACTUAL | B32: Prestar servicios personales de carácter temporal para planear y orientar la Formación Profesional Integral, que programe el Centro Agroindustrial del Meta en sus diferentes niveles y modalidades, atendiendo las políticas institucionales y la normatividad del programa Articulación con la Media Tecnica en la Especialidad de AMBIENTAL - GESTION DEL RECURSO HIDRICO
A34: DATOS DEL SUPERVISOR
A35: NOMBRES Y APELLIDOS | B35: GLADYS GUTIÉRREZ SARMIENTO
A36: CARGO | B36: PROFESIONAL GRADO 02
A37: DIRECCIÓN ELECTRÓNICA | B37: gladysgutierrez@sena.edu.co
A39: DATOS DEL ORDENADOR DEL PAGO
A40: NOMBRES Y APELLIDOS | B40: RAFAEL ANGEL AGUILERA MARTINEZ
A41: CARGO | B41: SUBDIRECTOR ( E ) CENTRO AGROINDUSTRIAL DEL META
A44: DATOS DEL CONTRATO OBJETO DE COBRO
A45: Nº DEL CONTRATO (Nº/año) | B45: CO1.PCCNTR.1360120
A46: FECHA DE INICIO | B46: 43871
A47: FECHA DE TERMINACIÓN | B47: 44172
A48: VALOR TOTAL DEL CONTRATO | B48: 36133030
A49: Nº COMPROMISO SIIF | B49: 16220
A50: FORMA DE ESTIMACIÓN DEL PAGO | B50: POR PERIODO (MES)
A52: DATOS DEL PAGO
A53: FECHA INICIO DEL PERIODO OBJETO DE PAGO | B53: 43891
A54: FECHA FIN DEL PERIODO OBJETO DE PAGO | B54: 43921
A55: NUMERO DEL PAGO | B55: 2
A56: SALDO ANTERIOR DEL CONTRATO | B56: 33699829
A57: NUEVO SALDO DEL CONTRATO | B57: =B56-B67-B62 -> 30050028
A59: SI EL PAGO DE LOS HONORARIOS SE REALIZA POR HORA, REGISTRE LA SIGUIENTE INFORMACIÓN
A60: NÚMERO DE HORAS A LIQUIDAR EN EL PERIODO
A61: VALOR DE LA HORA
A62: VALOR A PAGAR | B62: =IF(B117=TRUE,B60*B61,0) -> 0
A64: SI EL PAGO SE REALIZA POR PERIODO DE TIEMPO PRESTADO O PROPORCIONAL:
A65: VALOR MENSUAL (Con IVA incluido si es Responsable de IVA) | B65: 3649801
A66: TOTAL DÍAS A LIQUIDAR | B66: 30
A67: VALOR A PAGAR | B67: =IF(B117=TRUE,0,B65/30*B66) -> 3649801
A68: VALOR INGRESO BRUTO COBRADO EN EL MES INMEDIATAMENTE ANTERIOR | B68: 2433201
A71: DIAS COTIZADOS EN EL MES INMEDIATAMENTE ANTERIOR | B71: 20
A72: ¿INICIÓ CONTRATO EN EL MES INMEDIATAMENTE ANTERIOR? | B72: SI
A74: APORTES A SEGURIDAD SOCIAL Y AHORRO EN CUENTAS AFC
A75: APORTE | B75: VALOR DEL MES | D75: VALOR DEL MES ANTERIOR
A76: Nº PLANILLA / Nº RADICACIÓN PAGO SS | B76: 40687892 | D76: NO APLICA
A77: DIAS DE COTIZACIÓN SEGURIDAD SOCIAL POR INICIO O TERMINACIÓN DE CONTRATO | B77: 30
A78: ¿INICIA O TERMINA CONTRATO EN EL MES OBJETO DE COBRO? | B78: NO
A79: IBC | B79: =IF(B78="SI",(C79/30*B77),C79) -> 1459920.4 | C79: =IF(IF(B62+B65<=2194508,877803,+IF(AND($B107=FALSE,$B109=TRUE),((+$B$65*0.4)+($B$62*0.4))/1.19,(+$B$65*0.4)+($B$62*0.4)))<=877803,877803,IF(B62+B65<=2194508,877803,+IF(AND($B107=FALSE,$B109=TRUE),((+$B$65*0.4)+($B$62*0.4))/1.19,(+$B$65*0.4)+($B$62*0.4)))) -> 1459920.4 | D79: =IF(B72="SI",(E79/30*B71),E79) -> 973280.27 | E79: =IF(IF(B65<=2194508,877803,+IF(AND($B107=FALSE,$B109=TRUE),((+$B$65*0.4))/1.19,(+$B$65*0.4)))<=877803,877803,IF(B65<=2194508,877803,+IF(AND($B107=FALSE,$B109=TRUE),((+$B$65*0.4))/1.19,(+$B$65*0.4)))) -> 1459920.4
A80: APORTE OBLIGATORIO A SEGURIDAD SOCIAL SALUD | B80: =+ROUNDUP(+B79*12.5/100,-2) -> 182500 | D80: =+ROUNDUP(+D79*12.5/100,-2) -> 121700
A81: APORTE OBLIGATORIO A SEGURIDAD SOCIAL PENSIÓN | B81: =+ROUNDUP(+IF(B113=FALSE,0,+B79*0.16),-2) -> 233600 | D81: =+ROUNDUP(+IF(B113=FALSE,0,+D79*0.16),-2) -> 155800
A82: APORTE OBLIGATORIO A FONDO DE SOLIDARIDAD PENSIONAL | B82: =+ROUNDUP(+IF(B113=FALSE,0,+IF(B79>=(828116*4),B79*0.01,0)),-2) -> 0 | D82: =+ROUNDUP(+IF(B113=FALSE,0,+IF(D79>=(828116*4),D79*0.01,0)),-2) -> 0
A83: ARL | B83: =+ROUNDUP(+IF(OR(B85="IV",B85="V"),0,+VLOOKUP(B85,$B$155:$C$157,2,0)*B79),-2) -> 15300 | D83: =+ROUNDUP(+IF(OR(D85="IV",D85="V"),0,+VLOOKUP(D85,$B$155:$C$157,2,0)*D79),-2) -> 5100
A84: APORTES VOLUNTARIOS A FONDO DE PENSIONES OBLIGATORIAS | B84: 0 | D84: 0
A85: TIPO DE RIESGO ARL | B85: II | D85: I
A86: APORTES VOLUNTARIOS A FONDOS DE PENSIONES VOLUNTARIAS | B86: 0 | D86: 0
A87: AHORRO VOLUNTARIO A CUENTAS AFC Y CUENTAS AVC | B87: 0 | D87: 0
A88: DEPENDIENTES | B88: =+IF(+IF(B118=TRUE,$B132=FALSE),+IF(AND($B107=FALSE,$B109=TRUE),((+$B$67*0.1)+(($B$62+$B$101+$B$149)*0.1))/1.19,(+$B$67*0.1)+(($B$62+$B$101+$B$149)*0.1)),0) -> 364980.1 | D88: =+IF(+IF(D118=TRUE,$B132=FALSE),+IF(AND($B107=FALSE,$B109=TRUE),((+$B$67*0.1)+(($B$62+$B$101+$B$149)*0.1))/1.19,(+$B$67*0.1)+(($B$62+$B$101+$B$149)*0.1)),0) -> 0
A89: INTERESES PRÉSTAMO DE VIVIENDA | B89: 200000 | D89: 0
A90: SALUD (MEDICINA PREPAGADA Y SEGUROS DE SALUD) | B90: 0 | D90: 0
A91: COMISIONES (ÓRDENES DE VIAJE) REALIZADAS EN EL PERIODO
A92: COMISIÓN Nº | B92: V/R COMISIÓN (ANTES DE APLICAR RETENCIÓN) | C92: V/R RETENIDO POR LA COMISIÓN
A101: TOTAL | B101: =SUM(B93:B100) -> 0 | C101: =SUM(C93:C100) -> 0
A105: IBC OBLIGATORIO | B105: =B79 -> 1459920.4
A107: RÉGIMEN DE IVA = SIMPLIFICADO | B107: =EXACT(B21,A119) -> TRUE
A109: PRESTA SERVICIOS EXCLUIDO DE IVA = NO | B109: =+EXACT(A123,B22) -> FALSE
A111: DECLARANTE DE RENTA = SI | B111: =EXACT(B23,A122) -> TRUE
A113: PENSIONADO= NO | B113: =EXACT(B24,A123) -> TRUE
A115: POSEE EMBARGO= NO | B115: =EXACT(A123,B26) -> TRUE
A117: POR HORA= SI | B117: =EXACT(A128,B50) -> FALSE
A118: DEPENDIENTES | B118: =EXACT(A122,B25) -> TRUE
A119: NO RESPONSABLE
A120: RESPONSABLE
A122: SI
A123: NO
A125: AHORROS
A126: CORRIENTE
A128: POR HORA | B128: HORAS A LIQUIDAR
A129: POR PERIODO (MES) | B129: DÍAS A LIQUIDAR
A132: SI | B132: =EXACT(B17,A132) -> FALSE
A133: NO | B133: =EXACT(B17,A133) -> TRUE
A139: HONORARIOS O COMPENSACION POR SERVICIOS PERSONALES CORRESPONDIENTE A MESES ANTERIORES Y COBRADOS EN EL MISMO MES OBJETO DE COBRO DE ESTA PLANILLA
A140: CONCEPTO | B140: VALOR BRUTO | C140: RETENCION APLICADA | D140: APORTES A SALUD | E140: APORTES A PENSION | F140: APORTES A.R.L
A149: TOTAL | B149: =SUM(B141:B148) -> 0 | C149: =SUM(C141:C148) -> 0 | D149: =SUM(D141:D148) -> 0 | E149: =SUM(E141:E148) -> 0 | F149: =SUM(F141:F148) -> 0
A152: TIPOS DE RIEGOS LABORALES
...

Sheet FORMATO
B1: FORMATO PARA PAGO DE CONTRATOS POR CONCEPTO DE HONORARIOS Y/O PRESTACIÓN DE SERVICIOS PERSONALES | G1: Código Regional | H1: =+'DATOS DE ENTRADA.'!B5 -> 50
G2: Código Centro | H2: =+'DATOS DE ENTRADA.'!B6 -> 911710
B3: ='DATOS DE ENTRADA.'!B12 -> META | G3: Fecha elaboración | H3: ='DATOS DE ENTRADA.'!B7 -> 20 de marzo de 2020
B4: ='DATOS DE ENTRADA.'!B13 -> COORDINACIÓN ACADÉMICA PROGRAMAS ESPECIALES | G4: Versión | H4: 2.2
H5: 43872
A6: DATOS DEL CONTRATISTA
A8: Nombres y apellidos contratista: | B8: ='DATOS DE ENTRADA.'!B8 -> RUBEN DARIO CELY VELASQUEZ | E8: C.C. | F8: ='DATOS DE ENTRADA.'!B9 -> 1122649400 | G8: IP/Nº de contacto | H8: ='DATOS DE ENTRADA.'!B10 -> 3134123924
A9: Correo electrónico contratista: | B9: =+'DATOS DE ENTRADA.'!B11 -> rdcely0@misena.edu.co
A11: Régimen del IVA: | B11: ='DATOS DE ENTRADA.'!B21 -> NO RESPONSABLE | D11: Es declarante de renta? | F11: ='DATOS DE ENTRADA.'!B23 -> SI | G11: Es Pensionado? | H11: ='DATOS DE ENTRADA.'!B24 -> NO
A12: Ha contratado o vinculado dos o más trabajadores asociados a su actividad para cumplir con el objeto de su contrato? | C12: =+'DATOS DE ENTRADA.'!B17 -> NO | D12: Inducción SST | E12: ='DATOS DE ENTRADA.'!B20 -> SI | F12: Presta Servicios Excluidos de IVA ? | H12: =+'DATOS DE ENTRADA.'!B22 -> SI
A13: Banco al cual consignar: | B13: ='DATOS DE ENTRADA.'!B14 -> BANCO DE BOGOTA | D13: Tipo de cta | E13: ='DATOS DE ENTRADA.'!B15 -> AHORROS | F13: Nº Cuenta | G13: ='DATOS DE ENTRADA.'!B16 -> 361-054-810
A14: Sus ingresos en el 2019 fueron iguales o superiores a $47'978.000 | C14: =+'DATOS DE ENTRADA.'!B18 -> NO | D14: Sus ingresos del contrato suscrito con la Entidad en el 2020 supera los $ 117´503.000 | H14: ='DATOS DE ENTRADA.'!B19 -> NO
A16: DATOS DEL CONTRATO Y PERIODO OBJETO DE PAGO
A18: Nº del contrato: | B18: =+'DATOS DE ENTRADA.'!B45 -> CO1.PCCNTR.1360120 | E18: Nº Compromiso SIIF | G18: ='DATOS DE ENTRADA.'!B49 -> 16220
A20: Valor Total del Contrato | B20: ='DATOS DE ENTRADA.'!B48 -> 36133030 | C20: N ° Pago | D20: Periodo objeto de pago | H20: Valor Bruto Pago
A21: Saldo Anterior del Contrato | B21: =+'DATOS DE ENTRADA.'!B56 -> 33699829 | C21: =+'DATOS DE ENTRADA.'!B55 -> 2 | D21: Del | E21: ='DATOS DE ENTRADA.'!B53 -> 43891 | F21: Al | G21: ='DATOS DE ENTRADA.'!B54 -> 43921 | H21: =+ROUND(IF('DATOS DE ENTRADA.'!B117=TRUE,'DATOS DE ENTRADA.'!B62,'DATOS DE ENTRADA.'!B67),0) -> 3649801
A22: Nuevo Saldo del Contrato | B22: =+'DATOS DE ENTRADA.'!B57 -> 30050028 | D22: Comisiones | E22: ='DATOS DE ENTRADA.'!B101 -> 0
A23: Deducción màxima por salud | B23: =IF(C41>(C31*0.4*0.125),C31*0.4*0.125,C41) -> 182490.05 | E23: Base retfte (80%) | G23: =C34*0.8 -> 2919840.8
B25: ='DATOS DE ENTRADA.'!B32 -> Prestar servicios personales de carácter temporal para planear y orientar la Formación Profesional Integral, que programe el Centro Agroindustrial del Meta en sus diferentes niveles y modalidades, atendiendo las políticas institucionales y la normatividad del programa Articulación con la Media Tecnica en la Especialidad de AMBIENTAL - GESTION DEL RECURSO HIDRICO
A26: OBJETO CONTRACTUAL:
A29: RESUMEN PAGOS GENERADOS EN EL PERIODO OBJETO DE PAGO
A31: Ingresos por honorarios | C31: =+ROUND(IF(AND('DATOS DE ENTRADA.'!B107=FALSE,'DATOS DE ENTRADA.'!B109=TRUE),FORMATO!H21/1.19,FORMATO!H21),0) -> 3649801 | E31: =+CONCATENATE("Tarifa de Retencion en la Fuente ",+HLOOKUP(H31,$D$170:$F$171,2,0)) -> Tarifa de Retencion en la Fuente ART 383° | H31: =+H42 -> 0
A32: Ingresos por comisiones | C32: =+ROUND(IF(AND('DATOS DE ENTRADA.'!B107=FALSE,'DATOS DE ENTRADA.'!B109=TRUE),'DATOS DE ENTRADA.'!B101/1.19,'DATOS DE ENTRADA.'!B101),0) -> 0 | E32: Retencion en la Fuente del Periodo | H32: =+G42+'DATOS DE ENTRADA.'!C101+'DATOS DE ENTRADA.'!C149 -> 0
A33: Ingresos de otros meses cobrados en el mes | C33: =+ROUND(IF(AND('DATOS DE ENTRADA.'!B107=FALSE,'DATOS DE ENTRADA.'!B109=TRUE),'DATOS DE ENTRADA.'!B149/1.19,'DATOS DE ENTRADA.'!B149),0) -> 0 | E33: Menos, Retefuente Comisiones | H33: ='DATOS DE ENTRADA.'!C101 -> 0
A34: TOTAL INGRESOS DEL PERIODO | C34: =C31+C32+C33 -> 3649801 | E34: Menos, Retefuente Otros Ingresos | H34: =+'DATOS DE ENTRADA.'!C149 -> 0
A35: BASE PARA RETENCION EN LA FUENTE | C35: =+HLOOKUP(H31,$D$166:$F$172,7,0) -> 2001540.8 | E35: TOTAL RETEFUENTE PRESENTE PAGO | H35: =+H32-H34-H33 -> 0
A37: LIQUIDACIÓN DE PAGO A SEGURIDAD SOCIAL Y LIQUIDACIÓN DEL NETO A PAGAR
A38: Nº Planilla PILA, o , Nº Radicación pago SS | B38: ='DATOS DE ENTRADA.'!B31 -> febrero | C38: ='DATOS DE ENTRADA.'!B76 -> 40687892 | E38: Valor Base retención en la fuente | G38: =ROUND(C35,0) -> 2001541 | H38: TARIFA
C39: APORTES DEL MES OBJETO DE COBRO | D39: APORTES DEL MES ANTERIOR | E39: Valor Base retención en la fuente ICA | G39: =+IF(ROUND(+(C31+C32-C41-C42),0)<=0,0,ROUND(+(C31+C32-C41-C42),0)) -> 3233701
A40: Ingreso Base de Cotización IBC | B40: ='DATOS DE ENTRADA.'!B30 -> marzo | C40: =+IF('DATOS DE ENTRADA.'!B79>='DATOS DE ENTRADA.'!B105,'DATOS DE ENTRADA.'!B79,"ERROR") -> 1459920.4 | D40: =+IF('DATOS DE ENTRADA.'!B68>0,'DATOS DE ENTRADA.'!D79,0) -> 973280.27 | E40: Valor base IVA | G40: =ROUND(IF('DATOS DE ENTRADA.'!B107=TRUE,0,+C31+C32),0) -> 0
A41: Aporte obligatorio a seguridad social salud | C41: =+'DATOS DE ENTRADA.'!B80 -> 182500 | D41: =+ROUNDUP(+D40*12.5/100,-2) -> 121700 | E41: IVA (Si es RESPONSABLE) | G41: =+IF('DATOS DE ENTRADA.'!B22="NO",ROUND(G40*H41,0),0) -> 0 | H41: 0.19
A42: Aporte obligatorio a seguridad social Pensión | C42: =+'DATOS DE ENTRADA.'!B81 -> 233600 | D42: =+ROUNDUP(+IF('DATOS DE ENTRADA.'!B113=FALSE,0,+D40*0.16),-2) -> 155800 | E42: Menos Retención en la Fuente | G42: =+IF(C12="NO",+ROUND(+IF(E169>F169,E169,F169),0),D169) -> 0 | H42: =+HLOOKUP(G42,D169:F170,2,0) -> 0
A43: Aporte obligatorio a Fondo de solidaridad Pensional | C43: =+'DATOS DE ENTRADA.'!B82 -> 0 | D43: =+ROUNDUP(+IF('DATOS DE ENTRADA.'!B113=FALSE,0,+IF(D40>=(828116*4),D40*0.01,0)),-2) -> 0 | E43: Menos Retencion IVA | G43: =ROUND(G41*H43,0) -> 0 | H43: 0.15
A44: ARL | C44: =+'DATOS DE ENTRADA.'!B83 -> 15300 | D44: =+ROUNDUP(+IF(OR('DATOS DE ENTRADA.'!B85="IV",'DATOS DE ENTRADA.'!B85="V"),0,+VLOOKUP('DATOS DE ENTRADA.'!B85,'DATOS DE ENTRADA.'!$B$155:$C$157,2,0)*D40),-2) -> 10200 | E44: Reteica | G44: =ROUND(IF((C31+C32-C41-C42)*H44<0,0,(C31+C32-C41-C42)*H44),0) -> 12935 | H44: 0.004
A45: Aportes voluntarios a Fondo de pensiones Obligatorias | C45: ='DATOS DE ENTRADA.'!B84 -> 0
A46: Aportes voluntarios a cuentas AFC Y AVC | C46: =+'DATOS DE ENTRADA.'!B87 -> 0 | E46: Otras Retenciones | G46: =ROUND(IF(($C$31+$C$32)*H46<0,0,($C$31+$C$32)*H46),0) -> 0 | H46: 0
A47: Aportes voluntarios a Fondo de pensiones Voluntarias | B47: 7128000 | C47: =+IF(B47<'DATOS DE ENTRADA.'!B86,FORMATO!B47,'DATOS DE ENTRADA.'!B86) -> 0 | E47: Otras Retenciones | G47: =ROUND(IF(($C$31+$C$32)*H47<0,0,($C$31+$C$32)*H47),0) -> 0 | H47: 0
A48: Intereses Préstamo de Vivienda | B48: =100*G112 -> 3560700 | C48: =+IF(B48<'DATOS DE ENTRADA.'!B89,FORMATO!B48,'DATOS DE ENTRADA.'!B89) -> 200000 | E48: Otras Retenciones | G48: =ROUND(IF(($C$31+$C$32)*H48<0,0,($C$31+$C$32)*H48),0) -> 0 | H48: 0
A49: Aportes pensión de ingresos de otros meses cobrados en el mes | C49: ='DATOS DE ENTRADA.'!E149 -> 0 | E49: Otras Retenciones | G49: =ROUND(IF(($C$31+$C$32)*H49<0,0,($C$31+$C$32)*H49),0) -> 0 | H49: 0
A50: Aportes salud de ingresos de otros meses cobrados en el mes | C50: ='DATOS DE ENTRADA.'!D149 -> 0 | E50: Otras Retenciones | G50: =ROUND(IF(($C$31+$C$32)*H50<0,0,($C$31+$C$32)*H50),0) -> 0 | H50: 0
A51: Aportes ARL de ingresos de otros meses cobrados en el mes | C51: ='DATOS DE ENTRADA.'!F149 -> 0
A52: Dependientes hasta | B52: =32*G112 -> 1139424 | C52: =+IF(B52<'DATOS DE ENTRADA.'!B88,FORMATO!B52,'DATOS DE ENTRADA.'!B88) -> 364980.1
A53: Salud hasta | B53: =16*G112 -> 569712 | C53: =+IF('DATOS DE ENTRADA.'!B90>=B53,B53,'DATOS DE ENTRADA.'!B90) -> 0
A54: Renta Exenta 25% | B54: =240*B112 -> 8545680 | C54: =+IF(C154>=B54,B54,C154) -> 667180.25 | E54: Descuentos de Libranza (Si tiene) | G54: ='DATOS DE ENTRADA.'!B29 -> 0
A55: Retención en la Fuente Contingente | C55: =+IF(C12="NO",+G117-B117,0) -> 0 | E55: Descuentos de embargo (Si tiene) | G55: ='DATOS DE ENTRADA.'!B27 -> 0
E56: VALOR A PAGAR | G56: =ROUND(H21-G42-G43-G44-G46-G47-G48-G55-G54-G49-G50,0) -> 3636866
A57: ="SON: "&+C152 -> SON: TRES MILLONES SEISCIENTOS TREINTA Y SEIS MIL OCHOCIENTOS SESENTA Y SEIS PESOS M/CTE.
A61: ACTIVIDADES DESARROLLADAS MES OBJETO DE COBRO:
A63: 1.) Formación presencial a los aprendices de la ficha No. 1847690; los dias 2 y 9 de marzo de 2020
A64: 2.) Formación presencial a los aprendices de la ficha No. 2074487; los dias 3 y 10 de marzo de 2020
A65: 3.) Formación presencial a los aprendices de la ficha No. 2071039; los dias 4 y 11 de marzo de 2020
A66: 4.) Formación presencial a los aprendices de la ficha No. 1844674; los dias 5 y 12 de marzo de 2020
A67: 5.) Formación presencial a los aprendices de la ficha No. 2074494; los dias 6 y 13 de marzo de 2020
A68: 6.) Planeación Educativa (Otros) del 16 al 31 de marzo de 2020.
A70: Total de Horas: 168
A74: PARA LOS EFECTOS LEGALES CERTIFICO, BAJO LA GRAVEDAD DEL JURAMENTO, QUE:
A75: 1. Cumplí a cabalidad las actividades del objeto contractual arriba descritas; 2. Los documentos soporte suministrados contienen el pago de Seguridad Social en Salud y Pensión, los aportes voluntarios a cuentas AFC y FVP, por los ingresos recibidos en el mes anterior del contrato objeto de cobro en esta planilla y certifico que no han sido utilizados en la disminución de la Base de Retención en la Fuente en ningún otro contrato; 3. El número de trabajadores contratados para cumplir con el desarrollo del objeto contractual corresponden a lo indicado en esta planilla; 4. Toda la información aquí suministra es verídica; 5. He leído y entendido la descripción de cada uno de los campos aquí diligenciados.
F80: =+'DATOS DE ENTRADA.'!B8 -> RUBEN DARIO CELY VELASQUEZ
F81: EL CONTRATISTA
A82: CERTIFICACION DEL SUPERVISOR DEL CONTRATO
A83: En mi calidad de Supervisor del contrato de prestación de servicios personales aqui relacionado, CERTIFICO: | F83: Autorizo el presente pago.
F84: El Supervisor,
A85: 1.- Que El Contratista cumplió a cabalidad las obligaciones contractuales pactadas;
A86: 2.- Que El Contratista desarrolló las actividades descritas en el presente informe, dentro del período de cobro;
A88: 3.- Que he verificado el pago de los aportes obligatorios al Sistema General de Seguridad Social realizados por el contratista por los ingresos recibidos en el mes anterior por medio de la planilla PILA relacionada en el presente informe y que los mismos han sido liquidados de conformidad con las normas vigentes.
F89: =+'DATOS DE ENTRADA.'!B35 -> GLADYS GUTIÉRREZ SARMIENTO
F90: =+'DATOS DE ENTRADA.'!B36 -> PROFESIONAL GRADO 02
A91: Teniendo en cuenta las certificaciones suscritas por el contratista y por el supervisor del contrato arriba relacionado, autorizo el presente pago: EL ORDENADOR DEL PAGO
B96: ='DATOS DE ENTRADA.'!B40 -> RAFAEL ANGEL AGUILERA MARTINEZ
B97: ='DATOS DE ENTRADA.'!B41 -> SUBDIRECTOR ( E ) CENTRO AGROINDUSTRIAL DEL META
A103: RÉGIMEN DE IVA | F103: RÉGIMEN DE IVA
A105: BASE DE IVA | B105: =$H$21/1.19 -> 3067059.7 | C105: 0 | F105: BASE DE IVA | G105: =$H$21/1.19 -> 3067059.7 | H105: 0
A106: BASE DE RETEFUENTE | B106: =B105*0.8 -> 2453647.7 | C106: =$H$21*0.8 -> 2919840.8 | F106: BASE DE RETEFUENTE | G106: =G105*0.8 -> 2453647.7 | H106: =$H$21*0.8 -> 2919840.8
A109: CÁLCULO RETENCIÓN EN LA FUENTE LEY 1819 DE 2016 | F109: CÁLCULO RETENCIÓN EN LA FUENTE LEY 1819 DE 2016
A112: UVT 2020 | B112: 35607 | C112: =B112 -> 35607 | F112: UVT 2020 | G112: 35607 | H112: =G112 -> 35607
A113: BASE GRAVABLE EN PESOS | B113: =+VLOOKUP(B11,B147:C148,2,0) -> 2001540.8 | F113: BASE GRAVABLE EN PESOS | G113: =+VLOOKUP(B11,$G$147:$H$148,2,0) -> 2001540.8 | H113: =+F169 -> 0
A114: BASE GRAVABLE EN UVT | B114: =+B113/B112 -> 56.212002 | C114: =+C113/C112 -> 0 | F114: BASE GRAVABLE EN UVT | G114: =+G113/G112 -> 56.212002 | H114: =+H113/H112 -> 0
A115: RFT UVT | B115: =+B134 -> 0 | C115: =+C134 -> 0 | F115: RFT UVT | G115: =+G134 -> 0 | H115: =+H134 -> 0
A116: PORCENTAJE RTF | B116: =+IF(+ISERROR(+B115/B114)=TRUE,0,+B115/B114) -> 0 | D116: =+B115/B114 -> 0 | F116: PORCENTAJE RTF | G116: =+G115/G114 -> 0 | H116: =+H115/H114 -> #DIV/0!
A117: RETENCION EN LA FUENTE EN PESOS | B117: =+B115*B112 -> 0 | C117: =+C115*C112 -> 0 | F117: RETENCION EN LA FUENTE EN PESOS | G117: =+G115*G112 -> 0 | H117: =+H115*H112 -> 0
A119: RANGOS UVT | F119: RANGOS UVT
A120: DESDE | B120: HASTA | C120: FÓRMULA | F120: DESDE | G120: HASTA | H120: FÓRMULA
A121: 0 | B121: 87 | C121: 0 | F121: 0 | G121: 87 | H121: 0
A122: >87 | B122: 145 | C122: ING. LABORAL MENOS 87 UVT POR 19% | F122: >87 | G122: 145 | H122: ING. LABORAL MENOS 87 UVT POR 19%
A123: >145 | B123: 335 | C123: ((ING. LABORAL MENOS 145 UVT )*28%)+ 11 UVT | F123: >145 | G123: 335 | H123: ((ING. LABORAL MENOS 145 UVT )*28%)+ 11 UVT
A124: >335 | B124: 640 | C124: ((ING LABORAL MENOS 335 UVT)*33%) + 64 UVT | F124: >335 | G124: 640 | H124: ((ING LABORAL MENOS 335 UVT)*33%) + 64 UVT
A125: >640 | B125: 945 | C125: ((ING LABORAL MENOS 640 UVT)*35%) + 165 UVT | F125: >640 | G125: 945 | H125: ((ING LABORAL MENOS 640 UVT)*35%) + 165 UVT
A126: >945 | B126: 2300 | C126: ((ING LABORAL MENOS 945 UVT)*37%) + 272 UVT | F126: >945 | G126: 2300 | H126: ((ING LABORAL MENOS 945 UVT)*37%) + 272 UVT
A127: >2300 | B127: En adelante | C127: ((ING LABORAL MENOS 2300 UVT)*39%) + 773 UVT | F127: >2300 | G127: En adelante | H127: ((ING LABORAL MENOS 2300 UVT)*39%) + 773 UVT
A133: RETEFUENTE A APLICAR | F133: RETEFUENTE A APLICAR
A134: Primer rango | B134: =IF(B114<87,0,B135+B136+B137+B138+B139+B140) -> 0 | F134: Primer rango | G134: =IF(G114<87,0,G135+G136+G137+G138+G139+G140) -> 0
A135: Segundo rango | B135: =IF((AND(B121<B114,B114<=B122)),(B114-B121)*19%,0) -> 0 | F135: Segundo rango | G135: =IF((AND(G121<G114,G114<=G122)),(G114-G121)*19%,0) -> 0
A136: Tercer rango | B136: =IF((AND(B122<$B$114,$B$114<=B123)),(($B$114-B122)*28%)+11,0) -> 0 | F136: Tercer rango | G136: =IF((AND(G122<$G$114,$G$114<=G123)),(($G$114-G122)*28%)+11,0) -> 0
A137: Cuarto rango | B137: =IF((AND(B123<$B$114,$B$114<=B124)),(($B$114-B123)*33%)+64,0) -> 0 | F137: Cuarto rango | G137: =IF((AND(G123<$G$114,$G$114<=G124)),(($G$114-G123)*33%)+64,0) -> 0
A138: Quinto rango | B138: =IF((AND(B124<$B$114,$B$114<=B125)),(($B$114-B124)*35%)+165,0) -> 0 | F138: Quinto rango | G138: =IF((AND(G124<$G$114,$G$114<=G125)),(($G$114-G124)*35%)+165,0) -> 0
A139: Sexto rango | B139: =IF((AND(B125<$B$114,$B$114<=B126)),(($B$114-B125)*37%)+272,0) -> 0 | F139: Sexto rango | G139: =IF((AND(G125<$G$114,$G$114<=G126)),(($G$114-G125)*37%)+272,0) -> 0
A140: Septimo rango | B140: =IF(B114>B126,+((B114-2300)*39%)+773,0) -> 0 | F140: Septimo rango | G140: =IF(G114>G126,+((G114-2300)*39%)+773,0) -> 0
A147: BASE REGIMEN RESPONSABLE | B147: RESPONSABLE | C147: =IF(IF(($C$46+$C$47+$C$48+$C$52+$C$53+$C$54)<=(($C$34-$C$41-$C$42-$C$43-$C$45-$C$49-$C$50)*40%),+IF(($C$42+$C$43+$C$45+$C$46+$C$47+$C$49)>($C$34*30%),ROUND(($C$34-($C$34*30%))-$C$41-$C$48-$C$50-$C$52-$C$53,0),ROUND($C$34-$C$41-$C$42-$C$43-$C$45-$C$46-$C$47-$C$48-$C$49-$C$50-$C$52-$C$53,0))*0.75)+($C$155),IF(($C$46+$C$47+$C$48+$C$52+$C$53+$C$54)<=(($C$34-$C$41-$C$42-$C$43-$C$45-$C$49-$C$50)*40%),+IF(($C$42+$C$43+$C$45+$C$46+$C$47+$C$49)>($C$34*30%),ROUND(($C$34-($C$34*30%))-$C$41-$C$48-$C$50-$C$52-$C$53,0),ROUND($C$34-$C$41-$C$42-$C$43-$C$45-$C$46-$C$47-$C$48-$C$49-$C$50-$C$52-$C$53,0))*0.75)+($C$155),(IF(($C$46+$C$47+$C$48+$C$52+$C$53+$C$54)>(($C$34-$C$41-$C$42-$C$43-$C$45-$C$49-$C$50)*40%),(($C$34-$C$41-$C$42-$C$43-$C$45-$C$49-$C$50)-(($C$34-$C$41-$C$42-$C$43-$C$45-$C$49-$C$50))*40%)))) -> 2001540.8 | F147: BASE RESPONSABLE | G147: RESPONSABLE | H147: =IF(IF(($C$48+$C$52+$C$53+$C$54)<=(($C$34-$C$41-$C$42-$C$43-$C$49-$C$50)*40%),+IF(($C$42+$C$43+$C$49)>($C$34*30%),ROUND(($C$34-($C$34*30%))-$C$41-$C$50-$C$48-$C$52-$C$53,0),ROUND($C$34-$C$41-$C$42-$C$43-$C$48-$C$49-$C$50-$C$52-$C$53,0))*0.75)+($C$155),IF(($C$48+$C$52+$C$53+$C$54)<=(($C$34-$C$41-$C$42-$C$43-$C$49-$C$50)*40%),+IF(($C$42+$C$43+$C$49)>($C$34*30%),ROUND(($C$34-($C$34*30%))-$C$41-$C$48-$C$50-$C$52-$C$53,0),ROUND($C$34-$C$41-$C$42-$C$43-$C$48-$C$49-$C$50-$C$52-$C$53,0))*0.75)+($C$155),(IF(($C$48+$C$52+$C$53+$C$54)>(($C$34-$C$41-$C$42-$C$43-$C$49-$C$50)*40%),(($C$34-$C$41-$C$42-$C$43-$C$49-$C$50)-(($C$34-$C$41-$C$42-$C$43-$C$49-$C$50))*40%)))) -> 2001540.8
A148: BASE REGIMEN NO RESPONSABLE | B148: NO RESPONSABLE | C148: =IF(IF(($C$46+$C$47+$C$48+$C$52+$C$53+$C$54)<=(($C$34-$C$41-$C$42-$C$43-$C$45-$C$49-$C$50)*40%),+IF(($C$42+$C$43+$C$45+$C$46+$C$47+$C$49)>($C$34*30%),ROUND(($C$34-($C$34*30%))-$C$41-$C$48-$C$50-$C$52-$C$53,0),ROUND($C$34-$C$41-$C$42-$C$43-$C$45-$C$46-$C$47-$C$48-$C$49-$C$50-$C$52-$C$53,0))*0.75)+($C$155),IF(($C$46+$C$47+$C$48+$C$52+$C$53+$C$54)<=(($C$34-$C$41-$C$42-$C$43-$C$45-$C$49-$C$50)*40%),+IF(($C$42+$C$43+$C$45+$C$46+$C$47+$C$49)>($C$34*30%),ROUND(($C$34-($C$34*30%))-$C$41-$C$48-$C$50-$C$52-$C$53,0),ROUND($C$34-$C$41-$C$42-$C$43-$C$45-$C$46-$C$47-$C$48-$C$49-$C$50-$C$52-$C$53,0))*0.75)+($C$155),(IF(($C$46+$C$47+$C$48+$C$52+$C$53+$C$54)>(($C$34-$C$41-$C$42-$C$43-$C$45-$C$49-$C$50)*40%),(($C$34-$C$41-$C$42-$C$43-$C$45-$C$49-$C$50)-(($C$34-$C$41-$C$42-$C$43-$C$45-$C$49-$C$50))*40%)))) -> 2001540.8 | F148: BASE NO RESPONSABLE | G148: NO RESPONSABLE | H148: =IF(IF(($C$48+$C$52+$C$53+$C$54)<=(($C$34-$C$41-$C$42-$C$43-$C$49-$C$50)*40%),+IF(($C$42+$C$43+$C$49)>($C$34*30%),ROUND(($C$34-($C$34*30%))-$C$41-$C$50-$C$48-$C$52-$C$53,0),ROUND($C$34-$C$41-$C$42-$C$43-$C$48-$C$49-$C$50-$C$52-$C$53,0))*0.75)+($C$155),IF(($C$48+$C$52+$C$53+$C$54)<=(($C$34-$C$41-$C$42-$C$43-$C$49-$C$50)*40%),+IF(($C$42+$C$43+$C$49)>($C$34*30%),ROUND(($C$34-($C$34*30%))-$C$41-$C$50-$C$48-$C$52-$C$53,0),ROUND($C$34-$C$41-$C$42-$C$43-$C$48-$C$49-$C$50-$C$52-$C$53,0))*0.75)+($C$155),(IF(($C$48+$C$52+$C$53+$C$54)>(($C$34-$C$41-$C$42-$C$43-$C$49-$C$50)*40%),(($C$34-$C$41-$C$42-$C$43-$C$49-$C$50)-(($C$34-$C$41-$C$42-$C$43-$C$49-$C$50))*40%)))) -> 2001540.8
B149: RESPONSABLE | C149: =+IF(($C$45+$C$46+$C$47)>($D$150*30%),ROUND(($D$150-($D$150*30%)),0),ROUND($D$150-$C$45-$C$46-$C$47,0)) -> 3649801 | D149: BASE PARA AQUELLOS QUE VINCULEN 2 O MAS TRABAJADORES ASOCIADOS A SU ACTIVIDAD | H149: =D150 -> 3649801
...

Sheet DESCRIPCIÓN DE CAMPOS
A1: DESCRIPCIÓN DE LOS CAMPOS DE LA PLANILLA
A3: DATOS DEL CONTRATISTA
A4: CÓDIGO DE REGIONAL | B4: Número que le corresponde a la Regional a la que pertenece el Contratista
A5: CÓDIGO DE CENTRO | B5: Número que le corresponde al centro al que pertenece el Contratista
A6: FECHA DE DILIGENCIAMIENTO PLANILLA | B6: Fecha en la cual diligencia la planilla para pago
A7: NOMBRES Y APELLIDOS | B7: Nombres y apellidos del contratista
A8: Nº IDENTIFICACIÓN | B8: Número del documento de identificación
A9: IP o NÚMERO TELEFÓNICO DE CONTACTO | B9: Número de teléfono de contacto
A10: DIRECCIÓN ELECTRÓNICA | B10: Correo electrónico del contratista
A11: REGIONAL | B11: Nombre de la Regional a la que pertenece
A12: GRUPO/DEPENDENCIA | B12: Nombre del área o Centro de formación al que pertenece
A13: NOMBRE DEL BANCO AL CUAL CONSIGNAR | B13: Nombre del Banco en el cual se debe consignar el valor a pagar
A14: TIPO DE CUENTA | B14: Debe escoger una de las opciones que da la casilla
A15: NÚMERO DE CUENTA | B15: Número de cuenta a la cual se debe consignar
... A24: DEPENDIENTES? | B24: Debe escoger una de la opción "SI", siempre y cuando se encuente en alguno de los siguientes casos:
B25: 1. Los hijos del contribuyente que tengan hasta 18 años de edad.
B26: 2. Los hijos del contribuyente con edad entre 18 y 23 años, cuando el padre o madre contribuyente persona natural se encuentre financiando su educación en instituciones formales de educación superior certificadas por el ICFES ' o la autoridad oficial correspondiente; o en los programas técnicos de educación no formal debidamente acreditados por la autoridad competente.
B27: 3. Los hijos del contribuyente mayores de 18 años que se encuentren en situación de dependencia originada en factores físicos o psicológicos que sean certificados por Medicina Legal.
B28: 4. El cónyuge o compañero permanente del contribuyente que se encuentre en situación de dependencia sea por ausencia de ingresos o ingresos en el año menores a doscientas sesenta (260) UVT, certificada por contador público, o por dependencia originada en factores físicos o psicológicos que sean certificados por Medicina Legal, y,
B29: 5. Los padres y los hermanos del contribuyente que se encuentren en situación de dependencia, sea por ausencia de ingresos o ingresos en el año menores a doscientas sesenta (260) UVT, certificada por contador público, o por dependencia originada en factores físicos o psicológicos que sean certificados por Medicina Legal.
A30: ¿ES OBJETO ACTUAL DE EMBARGO? | B30: Debe escoger una de las opciones que da la casilla "SI" o "NO"
A31: VALOR DEL EMBARGO (SI ES OBJETO A ELLO) | B31: Si tiene algún embargo debe incluir el valor a descontar
A32: TIENE DESCUENTOS POR LIBRANZA? | B32: Debe escoger una de las opciones que da la casilla "SI" o "NO"
A33: VALOR DEL DESCUENTO POR LIBRANZA (SI ES OBJETO A ELLO) | B33: Si tiene alguna libranza debe incluir el valor a descontar
A34: MES OBJETO DE COBRO EN ESTA PLANILLA | B34: Seleccione el mes al que corresponde el cobro de esta planilla
A35: MES AL CUAL CORRESPONDE LA COTIZACIÓN DE APORTES A SEGURIDAD SOCIAL | B35: Seleccione el mes al que corresponde el periodo de cotización de la seguridad social
A38: DATOS DEL SUPERVISOR
A39: NOMBRES Y APELLIDOS | B39: Nombres y apellidos del Supervisor del contrato
A40: CARGO | B40: Cargo del Supervisor del Contrato
A41: DIRECCIÓN ELECTRÓNICA | B41: Correo electrónico del supervisor
A43: DATOS DEL ORDENADOR DEL PAGO
A44: NOMBRES Y APELLIDOS | B44: Nombre del Director de área, Director Regional o Subdirector de Centro que autoriza el pago
A45: CARGO | B45: Cargo del ordenador del pago
A48: DATOS DEL CONTRATO OBJETO DE COBRO
A49: Nº DEL CONTRATO (Nº/año) | B49: Número y año correspondiente al contrato objeto de cobro
A50: FECHA DE INICIO | B50: Fecha de inicio del contrato
A51: FECHA DE TERMINACIÓN | B51: Fecha de terminación del contrato
A52: VALOR TOTAL DEL CONTRATO | B52: Específique el valor total del contrato. En caso de que pertenezca al régimen común informar este valor con IVA incluido
A53: Nº COMPROMISO SIIF | B53: Nº único de registro en el SIIF- Lo suministra presupuesto
A54: FORMA DE ESTIMACIÓN DEL PAGO | B54: Debe escoger una de las opciones que da la casilla
A56: DATOS DEL PAGO
A57: FECHA INICIO DEL PERIODO OBJETO DE PAGO | B57: Fecha de inicio del periodo a pagar
A58: FECHA FIN DEL PERIODO OBJETO DE PAGO | B58: Fecha final del periodo a pagar
A59: NUMERO DEL PAGO | B59: Diligenciar si es el primer pago(1), segundo pago(2), tercer pago(3)…..
A60: SALDO ANTERIOR DEL CONTRATO | B60: Corresponde al saldo del contrato que quedo como resultado en el pago anterior, cuando es el primer pago este es igual al valor inicial del contrato
A61: NUEVO SALDO DEL CONTRATO | B61: Corresponde al saldo que quedo como resultado del presente pago.
A63: SI EL PAGO DE LOS HONORARIOS SE REALIZA POR HORA, REGISTRE LA SIGUIENTE INFORMACIÓN
A64: NÚMERO DE HORAS A LIQUIDAR EN EL PERIODO | B64: Si el pago se realiza por horas, ingrese el número de horas a cobrar en el periodo. Si el pago no es por horas, escriba cero.
A65: VALOR DE LA HORA | B65: Valor por hora pactado
A66: VALOR A PAGAR
A69: SI EL PAGO SE REALIZA POR PERIODO DE TIEMPO PRESTADO O PROPORCIONAL:
A70: VALOR MENSUAL (Con IVA incluido si es Responsable del IVA) | B70: Si el pago se realiza por mensualidades o por periodos, escriba el valor mensual pactado en el contrato, de lo contrario escriba cero
A71: TOTAL DÍAS A LIQUIDAR | B71: Total días a liquidar en el periodo
A72: VALOR A PAGAR
A73: VALOR INGRESO BRUTO COBRADO EN EL MES INMEDIATAMENTE ANTERIOR | B73: Indique el valor bruto del ingreso cobrado en el mes inmediatamente anterior al periodo objeto de cobro
A74: DIAS COTIZADOS EN EL MES INMEDIATAMENTE ANTERIOR | B74: Indique el número de días cotizados en el mes inmediatamente anterior al periodo objeto de cobro
A75: ¿INICIÓ CONTRATO EN EL MES INMEDIATAMENTE ANTERIOR? | B75: Indique "SI" en caso de que haya iniciado contrato en el mes inmediatamente anterior al periodo objeto de cobro
A77: APORTES A SEGURIDAD SOCIAL Y AHORRO EN CUENTAS AFC
A78: APORTE | B78: VALOR
A79: Nº PLANILLA / Nº RADICACIÓN PAGO SS | B79: Número de planilla correspondiente al pago de seguridad social
A80: DIAS DE COTIZACIÓN SEGURIDAD SOCIAL POR INICIO O TERMINACIÓN DE CONTRATO | B80: Indique el número de días a cotizar por el periodo objeto de cobro
A81: ¿INICIA O TERMINA CONTRATO EN EL MES OBJETO DE COBRO? | B81: Indique "SI" en caso de que haya iniciado o terminado contrato en el mes objeto de cobro
A82: IBC | B82: Corresponde al 40% del valor a cobrar. No puede ser inferior a un salario mìnimo mensual legal vigente
A83: APORTE OBLIGATORIO A SEGURIDAD SOCIAL SALUD | B83: Por lo menos debe ser el 12,5% del IBC
A84: APORTE OBLIGATORIO A SEGURIDAD SOCIAL PENSIÓN | B84: Por lo menos debe ser el 16% del IBC
A85: APORTE OBLIGATORIO A FONDO DE SOLIDARIDAD PENSIONAL | B85: Para un IBC superior a 4 SMMLV, se debe aportar un 1% adicional al fondo de pensiones
A86: ARL | B86: Valor correspondiente al ARL
A87: APORTES VOLUNTARIOS A FONDO DE PENSIONES OBLIGATORIAS | B87: Aporte voluntario a Fondo de Pensiones obligatorias realizado en el periodo objeto de cobro
A88: TIPO DE RIESGO ARL | B88: Seleccione el grado de riesgo según claificación de la ARL
A89: APORTES VOLUNTARIOS A FONDOS DE PENSIONES VOLUNTARIAS | B89: Aporte voluntario a Fondo de Pensiones voluntarias realizado en el periodo objeto de cobro
... A91: DEPENDIENTES | B91: Esta valor corresponde al 10% de los ingresos siempre y cuando se encuentre en alguno de los siguientes casos:
B92: 1. Los hijos del contribuyente que tengan hasta 18 años de edad.
B93: 2. Los hijos del contribuyente con edad entre 18 y 23 años, cuando el padre o madre contribuyente persona natural se encuentre financiando su educación en instituciones formales de educación superior certificadas por el ICFES ' o la autoridad oficial correspondiente; o en los programas técnicos de educación no formal debidamente acreditados por la autoridad competente.
B94: 3. Los hijos del contribuyente mayores de 18 años que se encuentren en situación de dependencia originada en factores físicos o psicológicos que sean certificados por Medicina Legal.
B95: 4. El cónyuge o compañero permanente del contribuyente que se encuentre en situación de dependencia sea por ausencia de ingresos o ingresos en el año menores a doscientas sesenta (260) UVT, certificada por contador público, o por dependencia originada en factores físicos o psicológicos que sean certificados por Medicina Legal, y,
B96: 5. Los padres y los hermanos del contribuyente que se encuentren en situación de dependencia, sea por ausencia de ingresos o ingresos en el año menores a doscientas sesenta (260) UVT, certificada por contador público, o por dependencia originada en factores físicos o psicológicos que sean certificados por Medicina Legal.
A97: INTERESES PRÉSTAMO DE VIVIENDA | B97: Pago por concepto de intereses de vivienda realizado en el año anterior dividido en el número de meses a los cuales corresponda el pago según la certificación emitida por la entidad a la cual se le efectuó el pago.
A98: SALUD (MEDICINA PREPAGADA Y SEGUROS DE SALUD) | B98: Pago por concepto de medicina prepagada realizado en el año anterior dividido en el número de meses a los cuales corresponda el pago según la certificación emitida por la entidad a la cual se le efectuó el pago, como se indica a continuación:
B99: a. Los pagos efectuados por contratos de prestación de servicios a empresas de medicina prepagada vigiladas por la Superintendencia Nacional de Salud, que impliquen protección al trabajador, su cónyuge y sus hijos
B100: b. Los pagos efectuados por seguros de salud, expedidos por compañías de seguros vigiladas por la Superintendencia Financiera de Colombia, con la misma limitación del literal anterior.
A103: COMISIONES (ÓRDENES DE VIAJE) REALIZADAS EN EL PERIODO
A105: Nº COMISIÓN | B105: Si tuvo comisiones de viaje durante el periodo de cobro, registre el número de la comisión
A106: V/R COMISIÓN (ANTES DE APLICAR RETENCIÓN) | B106: Registre el valor de la comisión de viaje, antes de la aplicación de la retención en la fuente.
A108: HONORARIOS O COMPENSACION POR SERVICIOS PERSONALES CORRESPONDIENTE A MESES ANTERIORES Y COBRADOS EN EL MISMO MES OBJETO DE COBRO DE ESTA PLANILLA
A110: CONCEPTO | B110: En este campo se deberá relacionar el periodo de la planilla que corresponde a honorarios de meses anteriores y los cuales fueron cobrados en el mismo mes objeto de cobro de esta planilla
A111: VALOR BRUTO | B111: En este campo se deberá relacionar el valor bruto de la planilla que corresponde a honorarios de meses anteriores y los cuales fueron cobrados en el mismo mes objeto de cobro de esta planilla. Por ejemplo: si se está cobrando marzo en esta planilla y en marzo también cobró febrero, se deberá relacionar los “Honorarios de febrero" en esta casilla.
A112: RETENCION APLICADA | B112: Valor de la retención efectuada en la planilla con la que se realizó el cobro de los honorarios relacionados en la casilla anterior
A113: APORTES A SALUD | B113: Valor del aporte en salud liquidado en la planilla que corresponde a honorarios de meses anteriores y los cuales fueron cobrados en el mismo mes objeto de cobro de esta planilla
A114: APORTES A PENSIÓN | B114: Valor del aporte en pensión liquidado en la planilla que corresponde a honorarios de meses anteriores y los cuales fueron cobrados en el mismo mes objeto de cobro de esta planilla
A115: APORTES A.R.L | B115: Valor del aporte A.R.L liquidado en la planilla que corresponde a honorarios de meses anteriores y los cuales fueron cobrados en el mismo mes objeto de cobro de esta planilla

Sheet Hoja1
A1: 3181962 | B1: JAIME ENRIQUE CAMACHO PARDO | C1: 147000000 | F1: REGIONAL | G1: CENTRO - DEPENDENCIA | H1: NUMERO CONTRATO | I1: CTPS_VALR_INICIAL_CONTRTO | J1: OBJETO | K1: TIPO IDENTIFICACION | L1: NUMERO IDENTIFICACION | M1: NOMBRE CONTRATISTA
A2: 80082963 | B2: JERONIMO SILVA VALENZUELA | C2: 121000000 | F2: DIRECCION GENERAL | G2: DESPACHO DIRECCION DIGENERAL | H2: 92 | I2: 147000000 | J2: APOYAR AL SERVICIO NACIONAL DE APRENDIZAJE SENA EN LA GESTION DE SERVICIOS DE TECNOLOGIA DE INFORMACION Y COMUNICACIONES TIC DE ACUERDO AL PLAN ESTRATEGICO 2011-2014 Y EL SISTEMA INTEGRADO DE GESTION DE LA ENTIDAD. | K2: CÉDULA DE CIUDADANÍA | L2: 3181962 | M2: JAIME ENRIQUE CAMACHO PARDO
A3: 65633630 | B3: GREACE ANGELLY VANEGAS CAMACHO | C3: 134000000 | F3: DIRECCION GENERAL | G3: DESPACHO DIRECCION DIGENERAL | H3: 484 | I3: 121000000 | J3: BRINDAR APOYO A LA DIRECCION GENERAL DEL SENA EN LA COORDINACION, SEGUIMIENTO Y REVISION DE LAS SEDES REGIONALES Y SUS CENTROS DE FORMACION DE ACUERDO A LAS DIRECTRICES Y PARAMETROS DEL COMITE DE DIRECCION Y DEL CONSEJO DIRECTIVO DE LA ENTIDAD. | K3: CÉDULA DE CIUDADANÍA | L3: 80082963 | M3: JERONIMO SILVA VALENZUELA
A4: 52851341 | B4: ALLISON GONZALEZ CASTILLO | C4: 152000000 | F4: DIRECCION GENERAL | G4: DESPACHO DIRECCION DIGENERAL | H4: 489 | I4: 134000000 | J4: APOYAR AL DESPACHO DE LA DIRECCION GENERAL DEL SENA EN LA IMPLEMENTACION DE ESTRATEGIAS DE COMUNICACION ACORDES CON LOS MEDIOS MASIVOS DE COMUNICACION NACIONAL, ESTRATEGIAS DE COMUNICACION DIRIGIDAS A PUBLICOS ESPECIFICOS, MANEJO DE REDES SOCIALES Y DEMAS HERRAMIENTAS QUE PERMITAN MEJORAR LA IMAGEN | K4: CÉDULA DE CIUDADANÍA | L4: 65633630 | M4: GREACE ANGELLY VANEGAS CAMACHO
A5: 79148880 | B5: RODRIGO VERA JAIMES | C5: 152000000 | F5: DIRECCION GENERAL | G5: DESPACHO DIRECCION DIGENERAL | H5: 17 | I5: 152000000 | J5: APOYAR A LA DG DEL SENA EN EL SEGUIMIENTO A COMPROMISOS SURGIDOS DE REUNIONES DEL DIRECTOR GENERAL, EL ANALISIS Y ESTRUCTURACION DE NUEVOS INDICADORES DEL DESPACHO DEL DIRECTOR GENERAL | K5: CÉDULA DE CIUDADANÍA | L5: 52851341 | M5: ALLISON GONZALEZ CASTILLO
A6: 13440761 | B6: SAMUEL OTTO SALAZAR NIETO | C6: 148000000 | F6: DIRECCION GENERAL | G6: DESPACHO DIRECCION DIGENERAL | H6: 21 | I6: 152000000 | J6: CONSOLIDAR EN LA DIRECCION GENERAL LOS LINEAMIENTOS DE UN SISTEMA DE GESTION INTEGRAL BAJOLOS ESTANDARES INTERNACIONALES DELA ORGANIZACION ISO, EFECTUAR LA SENSIBILIZACION Y CAPACITACION EN CULTURA Y CALIDAD, AMBIENTAL Y SEGURIDAD Y SALUD OCUPACIONAL. | K6: CÉDULA DE CIUDADANÍA | L6: 79148880 | M6: RODRIGO VERA JAIMES
A7: 51732659 | B7: MARIA PATRICIA ASMAR AMADOR | C7: 147000000 | F7: DIRECCION GENERAL | G7: DESPACHO DIRECCION DIGENERAL | H7: 18 | I7: 148000000 | J7: APOYAR AL DESPACHO DE DG DEL SENA EN LA ELABORACION DE ESTRATEGIAS DE COMUNICACION ACORDES CON LAS TICS, LOS NUEVOS MEDIOS Y LAS TENDENCIAS QUE PERMITAN DIMANIZAR EL POSICIONAMIENTO DE LA IMAGEN INSTITUCIONAL, LA DIVULGACION DE LA OFERTA DEL SENA Y LA COMUNICACION INTERNA. | K7: CÉDULA DE CIUDADANÍA | L7: 13440761 | M7: SAMUEL OTTO SALAZAR NIETO
A8: 39152988 | B8: DIANA LIVINGSTON POMARE | C8: 131000000 | F8: DIRECCION GENERAL | G8: DESPACHO DIRECCION DIGENERAL | H8: 86 | I8: 147000000 | J8: APOYAR AL SENA EN LA EJECUCIÓN DE POLÍTICAS Y PROYECTOS PARA EL FORTALECIMIENTO DEL NIVEL REGIONAL DE LA ENTIDAD. | K8: CÉDULA DE CIUDADANÍA | L8: 51732659 | M8: MARIA PATRICIA ASMAR AMADOR
F9: SAN ANDRES | G9: CENTRO DE FORMACION TURISTICA GENTE DE | H9: 218 | I9: 131000000 | J9: PRESTACION DE SERVICIOS TEMPORALES COMO INSTRUCTOR TUTOR VIRTUAL | K9: CÉDULA DE CIUDADANÍA | L9: 39152988 | M9: DIANA LIVINGSTON POMARE
